 Dungeon Crawl Stone Soup version 0.30-a0-802-gb92711bcdf (webtiles) character file.

Game seed: 401921147187631071

187 mandoloar the Digger (level 5, -1/31 HPs)
             Began as a Gargoyle Earth Elementalist on Feb 23, 2023.
             Slain by Pikel
             ... wielding a +0 whip of flaming
              (2 damage)
             ... on level 3 of the Dungeon.
             The game lasted 00:07:38 (4189 turns).

mandoloar the Digger (Gargoyle Earth Elementalist)  Turns: 4189, Time: 00:07:39

Health: -1/31      AC:  6    Str: 11    XL:     5   Next: 66%
Magic:  1/9        EV: 11    Int: 18    God:
Gold:   147        SH:  5    Dex: 10    Spells: 6/10 levels left

rFire   . . .      SeeInvis .    a - +0 mace
rCold   . . .      Faith    .    f - +2 buckler
rNeg    + . .      Spirit   .    c - +0 robe
rPois   ∞          Reflect  .    (no helmet)
rElec   +          Harm     .    (no cloak)
rCorr   .          Rampage  .    (no gloves)
Will    .....                    (no boots)
Stlth   ++                       (no amulet)
HPRegen 0.25/turn                (no ring)
MPRegen 0.11/turn                (no ring)

@: very slightly contaminated
A: sickness immunity, AC +4, negative energy resistance 1, electricity
resistance, torment resistance 1, petrification resistance
a: no special abilities


You were on level 3 of the Dungeon.
You visited 1 branch of the dungeon, and saw 4 of its levels.

You collected 147 gold pieces.

Inventory:

Hand Weapons
 a - a +0 mace (weapon)
Armour
 c - a +0 robe (worn)
 f - a +2 buckler (worn)
Jewellery
 l - a +6 ring of dexterity
Scrolls
 e - a scroll of identify
 h - a scroll of poison {unknown}
 m - a scroll of fog
 o - a scroll of fear {unknown}
 p - a scroll of enchant armour {unknown}
Potions
 b - a potion of magic
 d - 2 potions of berserk rage
 g - a potion of degeneration {unknown}
 i - a potion of curing {unknown}
 j - a potion of brilliance {unknown}
 k - a potion of haste {unknown}
 n - a potion of heal wounds {unknown}


   Skills:
 + Level 2.4 Fighting
 + Level 2.5 Armour
 - Level 1.5 Dodging
 - Level 2.1 Stealth
 + Level 1.3 Shields
 + Level 3.0 Spellcasting
 - Level 0.7 Transmutations
 + Level 4.7 Earth Magic


You had 6 spell levels left.
You knew the following spells:

 Your Spells              Type           Power      Damage    Failure   Level
a - Sandblast             Erth           38%        2d10      3%          1
b - Stone Arrow           Conj/Erth      22%        3d8       24%         3

Your spell library contained the following spells:

 Spells                   Type           Power      Damage    Failure   Level
 Passwall                 Tmut/Erth      10%        N/A       11%         2
 Blink                    Tloc           4%         N/A       32%         2
 Ensorcelled Hibernation  Hex/Ice        4%         N/A       32%         2
 Swiftness                Air            2%         N/A       54%         3
 Petrify                  Tmut/Erth      12%        N/A       56%         4
 Manifold Assault         Tloc           2%         N/A       91%         4
 Storm Form               Tmut/Air       2%         N/A       100%        7


Dungeon Overview and Level Annotations

Branches:
Dungeon (4/15)
 Temple: D:4-7

Altars:
Elyvilon
Fedhas
Gozag
Makhleb
The Shining One

Annotations:
D:3 3 runed translucent doors, Pikel; tarna41's ghost, novice GnWn
D:4 3 runed translucent doors


Innate Abilities, Weirdness & Mutations

You are immune to sickness and miasma.
Your stone body is resilient. (AC +4)
You are immune to poison.
You resist negative energy. (rN+)
You are resistant to electric shocks. (rElec)
You are resistant to unholy torment.
You are immune to petrification.


Message History

Pikel shouts!
The lemure shouts!
The lemure shouts!
The blast of sand hits Pikel but does no damage.
Pikel cracks his whip.
There is a stone staircase leading up here.
The blast of sand hits Pikel but does no damage.
Pikel hits you with a +0 whip of flaming!
Pikel burns you.
You climb upwards.
Level annotation: 3 runed translucent doors, tarna41's ghost, novice GnWn
There is a stone staircase leading down here.
The blast of sand hits Pikel!
Pikel is moderately wounded.
Pikel hits you with a +0 whip of flaming.
Pikel burns you.
Pikel hits you with a +0 whip of flaming!
* * * LOW HITPOINT WARNING * * *
Pikel burns you.
* * * LOW HITPOINT WARNING * * *
Casting: Sandblast (safe; 3% risk of failure)
Confirm with . or Enter, or press ? or * to list all spells.
Aiming: Stone Arrow (quite dangerous; 24% risk of failure)
Press: ? - help, Shift-Dir - straight line, f/p - Pikel
Aim: Pikel, wielding a +0 whip of flaming and wearing a +0 robe (lightly wounded, 60% to hit)
The stone arrow hits Pikel.
Pikel is moderately wounded.
Pikel barely misses you.
Casting: Stone Arrow (quite dangerous; 24% risk of failure)
Confirm with . or Enter, or press ? or * to list all spells.
Aiming: Stone Arrow (quite dangerous; 24% risk of failure)
Press: ? - help, Shift-Dir - straight line, f/p - Pikel
Aim: Pikel, wielding a +0 whip of flaming and wearing a +0 robe (moderately wounded, 60% to hit)
You miscast Stone Arrow.
You are very lightly contaminated with residual magic.
Nothing appears to happen.
Pikel says, "You'll make a fine lemure."
Pikel hits you with a +0 whip of flaming.
* * * LOW HITPOINT WARNING * * *
Pikel burns you.
You die...

#.......##########...###
#..................#...#
#........###.#...#####.#
#..........#...#######.##
#.......##.#.#.# #......
##########.##.#.#.# #......
#.............#.#.####......
##.########.###..#........_..
#...#......K@....#.####......
#.#....###########.# #......
#.#....#..##.8∩###.# #..)...
#.#....#..#...$.##.#######.##
#.#....#..+l..$8##...# #.#
#.###'#...+l_8.∩##########.##
#.# #.#...+b.$$8#............
#.# #.#...#h.$=.########..###
#.# #.#...##.8.##.# #.....


You could see Pikel.

Vanquished Creatures
  3 iron imps (D:3)
  5 adders
  A dart slug (D:1)
  5 endoplasms
  4 giant cockroaches
  6 goblins
  4 hobgoblins
  4 jackals (D:3)
  4 kobolds
  5 ball pythons
  6 bats
  6 frilled lizards
  3 rats
56 creatures vanquished.

Notes
Turn   | Place    | Note
-------+----------+-------------------------------------------
     0 | D:1      | mandoloar the Gargoyle Earth Elementalist began the quest
                  | for the Orb.
     0 | D:1      | Reached XP level 1. HP: 10/10 MP: 3/3
   237 | D:1      | Reached XP level 2. HP: 16/16 MP: 1/5
   501 | D:1      | Reached skill level 1 in Armour
   574 | D:1      | Reached skill level 1 in Fighting
   938 | D:1      | Reached skill level 4 in Earth Magic
   993 | D:1      | Reached XP level 3. HP: 20/20 MP: 3/6
   997 | D:1      | Learned a level 3 spell: Stone Arrow
  1737 | D:2      | Found a faded altar of an unknown god.
  1780 | D:2      | Reached XP level 4. HP: 20/26 MP: 1/7
  2524 | D:3      | Found a runed translucent gate.
  2524 | D:3      | Found an opulent altar of Gozag.
  2524 | D:3      | Found a runed translucent gate.
  2525 | D:3      | Found a runed translucent gate.
  2525 | D:3      | Noticed tarna41's ghost (novice GnWn)
  2687 | D:3      | Found a glowing golden altar of the Shining One.
  3373 | D:3      | Found a blossoming altar of Fedhas.
  3440 | D:3      | Found a white marble altar of Elyvilon.
  3569 | D:3      | Found a burning altar of Makhleb.
  3599 | D:3      | Reached XP level 5. HP: 30/30 MP: 4/9
  3602 | D:3      | Reached skill level 1 in Shields
  3973 | D:4      | Found a runed translucent gate.
  3973 | D:4      | Found a runed translucent gate.
  3973 | D:4      | Found a runed translucent gate.
  4088 | D:4      | Noticed Pikel
  4088 | D:4      | Noticed a lemure
  4088 | D:4      | Noticed a lemure
  4088 | D:4      | Noticed a lemure
  4088 | D:4      | Noticed a lemure
  4189 | D:3      | HP: 1/31 [Pikel/+0 whip of flaming (5)]
  4189 | D:3      | Slain by Pikel

Illustrated notes

Levels and vault maps discovered:
D:1:      lightli_iron_boxes, layout_basic
D:2:      layout_loops_cross, nicolae_ecumenical_snake_handling
D:3:      layout_basic, overflow_temple_1_default,
          nicolae_overflow_crystal_walls, lemuel_crystal_altar, demons_altar,
          ebering_ghost_gozag, minmay_misc_feat_square
D:4:      layout_cave_pools, lemuel_temple_firewalk_b, gammafunk_ghost_split,
          uniq_pikel, uniq_duvessa

Skill      XL: |  1  2  3  4  5 |
---------------+----------------+-----
Armour         | 1 2 |  2.5
Fighting       | 1 2 |  2.4
Earth Magic    | 4 |  4.7
Shields        | 1 |  1.3
Spellcasting   | 3 |  3.0
Dodging        | |  1.5
Stealth        | |  2.1
Transmutations | |  0.7

Action                     |  1- 3 |  4- 6 || total
---------------------------+-------+-------++-------
   Cast: Sandblast         |    41 |    50 ||    91
         Stone Arrow       |       |     1 ||     1
    Use: Scroll            |     3 |     1 ||     4
 Armour: Robe              |     2 |     5 ||     7
  Dodge: Dodged            |    11 |    11 ||    22
  Block: Buckler           |       |     5 ||     5

Table legend: (Time is in decaauts)
 A = Elapsed time spent in this place.
 B = Non-inter-level travel time spent in this place.
 C = Inter-level travel time spent in this place.
 D = Time resting spent in this place.
 E = Time spent auto-exploring this place.
 F = Levels seen in this place.
 G = Mean time per level.
                   A        B        C        D        E       F      G
               +--------+--------+--------+--------+--------+-----+--------+
         Total |   4236 |   3935 |    301 |   1380 |   2125 |   4 | 1059.0 |
       Dungeon |   4236 |   3935 |    301 |   1380 |   2125 |   4 | 1059.0 |
               +--------+--------+--------+--------+--------+-----+--------+

Top non-repeatable levels by time:
     D:3: 1733 daAuts
     D:1: 1461 daAuts
     D:2: 1006 daAuts
     D:4: 34 daAuts
